 Dungeon Crawl Stone Soup version 0.28.0 (webtiles) character file.

Game seed: 9410990005123092383

18167 Ekaitz the Reanimator (level 12, -2/91 HPs)
             Began as a Demonspawn Necromancer on Feb 5, 2022.
             Was a High Priest of Dithmenos.
             Slain by a nine-headed hydra (5 damage)
             ... on level 1 of the Lair of Beasts.
             The game lasted 00:49:00 (16249 turns).

Ekaitz the Reanimator (Demonspawn Necromancer)     Turns: 16249, Time: 00:49:02

Health: -2/91      AC: 13    Str:  9    XL:     12   Next: 25%
Magic:  9/22       EV: 15    Int: 19    God:    Dithmenos [*****.]
Gold:   832        SH:  0    Dex: 16    Spells: 6/24 levels left

rFire   + . .      SeeInvis .   T - +2 demon trident (venom)
rCold   . . .      Faith    .   (no shield)
rNeg    . . .      Spirit   .   m - +2 robe {rF+}
rPois   .          Reflect  .   (helmet unavailable)
rElec   .          Harm     .   (no cloak)
rCorr   .          Rampage  .   k - +1 pair of gloves
Will    .....                   (no boots)
Stlth   +++++.....              (no amulet)
HPRegen 0.25/turn               a - +4 ring of protection
MPRegen 0.18/turn               (no ring)

@: wreathed by umbra
A: horns 3, molten scales 2, demonic guardian 1, foul stench 1
a: Renounce Religion, Shadow Step, Shadow Form


You were on level 1 of the Lair of Beasts.
You worshipped Dithmenos.
Dithmenos was extremely pleased with you.
You visited 2 branches of the dungeon, and saw 11 of its levels.
You also visited: Ossuary.

You collected 832 gold pieces.

Inventory:

Hand Weapons
 c - a +2 dagger of venom
 q - a +0 dagger of draining
 u - a +2 trident of freezing
 G - a +4 scimitar of freezing
 J - a +5 long sword of freezing
 T - a +2 demon trident of venom (weapon)
Missiles
 t - 35 poisoned darts
 I - a curare-tipped dart
 O - 12 javelins
Armour
 k - a +1 pair of gloves (worn)
 m - a +2 robe of fire resistance (worn)
 n - an orb of mayhem
 R - a +1 robe of cold resistance
 S - a +1 leather armour of poison resistance
Jewellery
 a - a +4 ring of protection (left hand)
Wands
 y - a wand of paralysis (7)
 z - a wand of flame (22)
 F - a wand of mindburst (7)
Scrolls
 b - 4 scrolls of enchant armour {unknown}
 e - 3 scrolls of fear {unknown}
 f - 2 scrolls of fog {unknown}
 g - 4 scrolls of vulnerability {unknown}
 j - 5 scrolls of teleportation
 l - 3 scrolls of immolation {unknown}
 p - 6 scrolls of identify
 r - 3 scrolls of silence {unknown}
 D - 5 scrolls of blinking {unknown}
 E - a scroll of torment {unknown}
 L - a scroll of magic mapping {unknown}
 N - a scroll of noise {unknown}
 P - a scroll of brand weapon {unknown}
Potions
 d - 5 potions of heal wounds {unknown}
 h - 4 potions of might
 i - 7 potions of curing
 o - a potion of mutation
 s - 2 potions of degeneration {unknown}
 v - 4 potions of brilliance {unknown}
 w - 4 potions of attraction {unknown}
 x - a potion of flight {unknown}
 A - a potion of haste {unknown}
 B - a potion of ambrosia {unknown}
 C - 2 potions of berserk rage {unknown}
 K - a potion of resistance {unknown}
 Q - a potion of invisibility {unknown}


   Skills:
 * Level 7.0 Fighting
 + Level 3.5(3.6) Short Blades
 + Level 1.1(2.5) Long Blades
 * Level 7.0 Dodging
 + Level 5.4 Stealth
 + Level 6.7 Spellcasting
 * Level 6.4 Conjurations
 * Level 11.0 Necromancy
 * Level 4.5 Air Magic
 * Level 4.6 Poison Magic
 * Level 8.3 Invocations
 * Level 0.8 Evocations


You had 6 spell levels left.
You knew the following spells:

 Your Spells              Type           Power      Damage    Failure   Level
a - Pain                  Necr           100%       1d9       1%          1
b - Animate Skeleton      Necr           96%        N/A       1%          1
c - Vampiric Draining     Necr           48%        2d9       1%          3
d - Animate Dead          Necr           24%        N/A       1%          4
e - Agony                 Necr           48%        N/A       3%          5
v - Poisonous Vapours     Pois/Air       46%        N/A       2%          2
x - Searing Ray           Conj           60%        2d6       1%          2

Your spell library contained the following spells:

 Spells                   Type           Power      Damage    Failure   Level
 Magic Dart               Conj           100%       1d8       1%          1
 Shock                    Conj/Air       100%       1d9       1%          1
 Corpse Rot               Necr/Air       70%        N/A       1%          2
 Sublimation of Blood     Necr           48%        N/A       1%          2
 Swiftness                Air            23%        N/A       4%          3
 Apportation              Tloc           12%        N/A       11%         1
 Ensorcelled Hibernation  Hex/Ice        12%        N/A       16%         2
 Passwall                 Tmut/Erth      5%         N/A       16%         2
 Wereblood                Tmut           6%         N/A       16%         2
 Airstrike                Air            11%        N/A       16%         4
 Fulminant Prism          Conj/Hex       9%         3d7       28%         4
 Alistair's Intoxication  Tmut/Pois      10%        N/A       75%         5
 Summon Hydra             Summ           3%         N/A       100%        7


Dungeon Overview and Level Annotations

Branches:
Dungeon (10/15)            Temple (0/1) D:5            Lair (1/6) D:10
Ossuary (visited)
    Orc: D:9-12

Altars:
Ashenzari
Cheibriados
Dithmenos
Elyvilon
Nemelex Xobeh
Uskayaw
Xom
Zin
The Shining One

Shops:
D:5 (

Annotations:
D:8 2 transporters


Innate Abilities, Weirdness & Mutations

You have a pair of large horns on your head.
You are mostly covered in molten scales. (AC +3)
A weak demonic guardian rushes to your aid.
You may rarely emit foul miasma when damaged in melee.


Message History

Unknown command.
Aiming: Paralyse
Press: ? - help, Shift-Dir - straight line, f/p - nine-headed hydra
Aim: a nine-headed hydra (severely wounded, very poisoned, slow, umbra, chance to affect: 18%)
Okay, then.
Unknown command.
Aiming: Mindburst
Press: ? - help, Shift-Dir - straight line, f/p - nine-headed hydra
Aim: a nine-headed hydra (severely wounded, very poisoned, slow, umbra, chance to affect: 32%)
The nine-headed hydra easily resists.
Unknown command.
Aiming: Mindburst
Press: ? - help, Shift-Dir - straight line, f/p - nine-headed hydra
Aim: a nine-headed hydra (severely wounded, poisoned, slow, umbra, chance to affect: 32%)
The nine-headed hydra easily resists.
Unknown command.
Casting: Pain (safe; 1% risk of failure)
Confirm with . or Enter, or press ? or * to list all spells.
Aiming: Vampiric Draining (safe; 1% risk of failure)
Press: ? - help, Shift-Dir - straight line, f/p - nine-headed hydra
Aim: a nine-headed hydra (severely wounded, poisoned, slow, umbra)
You draw life force from the nine-headed hydra.
You feel life coursing into your body.
The nine-headed hydra is no longer moving slowly.
Unknown command.
Casting: Vampiric Draining (safe; 1% risk of failure)
Confirm with . or Enter, or press ? or * to list all spells.
Aiming: Vampiric Draining (safe; 1% risk of failure)
Press: ? - help, Shift-Dir - straight line, f/p - nine-headed hydra
Aim: a nine-headed hydra (almost dead, poisoned, umbra)
You draw life force from the nine-headed hydra!
You feel life coursing into your body.
The nine-headed hydra bites you but does no damage.
The nine-headed hydra bites you!
* * * LOW HITPOINT WARNING * * *
The nine-headed hydra bites you but does no damage.
The nine-headed hydra closely misses you.
The nine-headed hydra bites you but does no damage.
The nine-headed hydra bites you.
You die...

..# #...##...# #.######..#
.P#######........# #.........#
.................# #..........
.................# ##..........
.................## #..........#
..................# ##..........
.................## #..........
...#..P#######...######..........
...##### #..@.......######+##
...# ##..D................ ...#
#......^....#........ ...#
##................... ...# ###
###..........+........
...#####.###.#..........#########
.................................
.........>.....#####...#.##P.....
...............# #...#####.....


You could see a nine-headed hydra (poisoned).

Vanquished Creatures
  An ogre mage (D:10)
  2 two-headed ogres (D:10)
  Urug (D:10)
  2 cyclopes (D:10)
  A black mamba (Lair:1)
  3 cane toads (Lair:1)
  A komodo dragon (Lair:1)
  A meliai (D:10)
  A polar bear (Lair:1)
  A hornet (D:9)
  A blink frog (shapeshifter) (D:10)
  4 blink frogs (Lair:1)
  A basilisk (Lair:1)
  18 yaks
  2 wyverns
  2 steam dragons
  A vampire mosquito (D:10)
  3 wargs (D:10)
  Edmund (D:4)
  A water moccasin (D:7)
  A black bear (Lair:1)
  3 sky beasts
  2 orc warriors
  2 ice beasts
  2 necrophages
  7 wolves (Lair:1)
  2 centaurs
  A phantom (D:5)
  3 kobold brigands
  An elf zombie (Ossuary)
  Blork the orc (D:6)
  A scorpion (shapeshifter) (D:10)
  A bullfrog (Lair:1)
  A gnoll sergeant (D:9)
  3 scorpions
  A wyvern skeleton (D:7)
  A water moccasin skeleton (D:5)
  6 killer bees
  10 wights
  2 howler monkeys (D:9)
  3 centaur zombies
  2 bullfrog zombies
  A gnoll shaman (D:7)
  A human zombie (Ossuary)
  4 orc priests
  3 bullfrog skeletons
  Terence (D:3)
  An iguana (D:6)
  3 orc wizards
  A killer bee zombie (D:8)
  2 mummies (Ossuary)
  9 gnolls
  10 adders
  A white imp (D:5)
  A howler monkey simulacrum (D:10)
  An ufetubus (D:4)
  2 adder zombies (Ossuary)
  An adder skeleton (D:2)
  3 worms
  4 dart slugs
  20 orcs
  5 bats
  4 endoplasms
  4 giant cockroaches
  5 goblins
  3 hobgoblins
  18 kobolds
  3 quokkas
  6 ball pythons
  3 frilled lizards
  2 goblin zombies (Ossuary)
  10 hobgoblin zombies (Ossuary)
  2 jackal zombies (Ossuary)
  7 kobold zombies (Ossuary)
  10 orc zombies (Ossuary)
  8 rats
  A rat zombie (Ossuary)
264 creatures vanquished.

Vanquished Creatures (collateral kills)
  A hydra (Lair:1)
  A centaur warrior (D:10)
  A two-headed ogre (D:10)
  A manticore (D:10)
  A cyclops (D:10)
  A cane toad (Lair:1)
  A komodo dragon (Lair:1)
  A polar bear (Lair:1)
  A wyvern (Lair:1)
  2 vampire mosquitoes (D:10)
  2 wyvern skeletons
  2 killer bees
  3 orc wizards (D:10)
  An iguana (D:5)
  2 orcs
  An endoplasm (D:3)
  2 kobolds (D:8)
  A rat (D:3)
25 creatures vanquished.

Vanquished Creatures (others)
  A yak (D:8)
  A fungus (Lair:1)
  7 plants
9 creatures vanquished.

Grand Total: 298 creatures vanquished

Notes
Turn   | Place    | Note
-------+----------+-------------------------------------------
     0 | D:1      | Ekaitz the Demonspawn Necromancer began the quest for the
                  | Orb.
     0 | D:1      | Reached XP level 1. HP: 13/13 MP: 3/3
    29 | D:1      | Learned a level 1 spell: Animate Skeleton
   293 | D:1      | Gained mutation: You have a pair of small horns on your
                  | head. [demonic ancestry]
   293 | D:1      | Reached XP level 2. HP: 10/20 MP: 1/5
   551 | D:1      | Learned a level 2 spell: Searing Ray
  1316 | D:1      | Reached skill level 1 in Fighting
  1899 | D:2      | Gained mutation: You may rarely emit foul miasma when
                  | damaged in melee. [demonic ancestry]
  1899 | D:2      | Reached XP level 3. HP: 26/26 MP: 0/6
  2015 | D:2      | Reached skill level 5 in Necromancy
  2774 | D:3      | Noticed Terence
  2803 | D:3      | Killed Terence
  2804 | D:3      | Reached XP level 4. HP: 19/33 MP: 2/7
  2808 | D:3      | Learned a level 3 spell: Vampiric Draining
  3774 | D:3      | Reached XP level 5. HP: 32/38 MP: 5/8
  3841 | D:3      | Reached skill level 1 in Conjurations
  4158 | D:4      | Found a shadowy altar of Dithmenos.
  4290 | D:4      | Became a worshipper of Dithmenos the Shadowed
  4458 | D:4      | Noticed a necrophage
  4465 | D:4      | Killed a necrophage
  4466 | D:4      | Reached skill level 1 in Invocations
  4466 | D:4      | Gained mutation: You have a pair of horns on your head.
                  | [demonic ancestry]
  4466 | D:4      | Reached XP level 6. HP: 46/46 MP: 1/10
  4835 | D:4      | Noticed Edmund
  4846 | D:4      | Killed Edmund
  4847 | D:4      | Reached skill level 6 in Necromancy
  5194 | D:5      | Entered Level 5 of the Dungeon
  5197 | D:5      | Noticed a sky beast
  5249 | D:5      | Found Lenwatheta's Antique Weapon Emporium.
  5379 | D:5      | Reached skill level 1 in Short Blades
  5379 | D:5      | Gained mutation: A weak demonic guardian rushes to your
                  | aid. [demonic ancestry]
  5379 | D:5      | Reached XP level 7. HP: 45/51 MP: 1/11
  5428 | D:5      | Reached * piety under Dithmenos
  5522 | D:5      | Found a sand-covered staircase.
  5525 | Ossuary  | Entered an ossuary
  6198 | Ossuary  | Reached ** piety under Dithmenos
  6632 | D:5      | Gained mutation: You have a pair of large horns on your
                  | head. [demonic ancestry]
  6632 | D:5      | Reached XP level 8. HP: 58/58 MP: 3/13
  6929 | D:5      | Found a staircase to the Ecumenical Temple.
  7198 | D:6      | Found a hide-covered altar of Uskayaw.
  7289 | D:6      | Noticed Blork the orc
  7308 | D:6      | Killed Blork the orc
  7494 | D:6      | Noticed a hornet
  7494 | D:6      | Noticed a cyclops
  7563 | D:6      | Learned a level 4 spell: Animate Dead
  7651 | D:6      | Reached skill level 7 in Necromancy
  8203 | D:7      | Reached XP level 9. HP: 49/65 MP: 4/14
  8915 | D:7      | Learned a level 2 spell: Poisonous Vapours
  8924 | D:7      | Reached skill level 5 in Invocations
  9121 | D:7      | Found a snail-covered altar of Cheibriados.
  9335 | D:8      | Reached *** piety under Dithmenos
  9461 | D:8      | Found a transporter.
  9462 | D:8      | Found a transporter.
  9462 | D:8      | Noticed a boulder beetle
  9491 | D:8      | Reached skill level 1 in Poison Magic
  9688 | D:8      | Reached skill level 1 in Air Magic
 10191 | D:8      | HP: 2/66 [wight (12)]
 10202 | D:8      | Reached skill level 5 in Fighting
 10202 | D:8      | Reached skill level 5 in Dodging
 10939 | D:8      | Reached XP level 10. HP: 43/72 MP: 12/17
 11134 | D:8      | Found a sparkling altar of Nemelex Xobeh.
 11138 | D:8      | Found a shimmering altar of Xom.
 11665 | D:9      | Reached skill level 5 in Spellcasting
 11665 | D:9      | Reached skill level 8 in Necromancy
 11694 | D:9      | Found a broken altar of Ashenzari.
 11738 | D:9      | Learned a level 5 spell: Agony
 12159 | D:10     | Entered Level 10 of the Dungeon
 12182 | D:10     | Identified the +0 tower shield of Fiumnorch {-Tele rPois
                  | Regen+ Dex-2}
 12188 | D:10     | Noticed a two-headed ogre
 12221 | D:10     | Killed a two-headed ogre
 12496 | D:10     | Found a staircase to the Lair.
 12514 | D:10     | Reached **** piety under Dithmenos
 12530 | D:10     | Reached skill level 5 in Stealth
 12537 | D:10     | Reached skill level 5 in Conjurations
 12658 | D:10     | Noticed a two-headed ogre
 12664 | D:10     | Killed a two-headed ogre
 12725 | D:10     | Noticed a cyclops
 12738 | D:10     | Noticed a black mamba
 12756 | D:10     | Killed a cyclops
 12757 | D:10     | Reached skill level 9 in Necromancy
 13265 | D:10     | Gained mutation: You are partially covered in molten
                  | scales. (AC +2) [demonic ancestry]
 13265 | D:10     | Reached XP level 11. HP: 63/81 MP: 14/19
 13409 | D:10     | Noticed an ogre mage
 13414 | D:10     | Killed an ogre mage
 13560 | D:10     | Noticed a flayed ghost
 13569 | D:10     | Noticed a centaur warrior
 13578 | D:10     | Killed a centaur warrior
 14174 | D:10     | Noticed Urug
 14177 | D:10     | Noticed a two-headed ogre
 14180 | D:10     | Killed Urug
 14191 | D:10     | Killed a two-headed ogre
 14368 | Lair:1   | Entered Level 1 of the Lair of Beasts
 14376 | Lair:1   | Reached skill level 10 in Necromancy
 14564 | Lair:1   | Reached ***** piety under Dithmenos
 14883 | Lair:1   | Noticed an eight-headed hydra
 14894 | Lair:1   | Noticed a six-headed hydra
 14900 | Lair:1   | Killed a seven-headed hydra
 14901 | Lair:1   | Reached skill level 1 in Long Blades
 15100 | Lair:1   | Gained mutation: You are mostly covered in molten scales.
                  | (AC +3) [demonic ancestry]
 15100 | Lair:1   | Reached XP level 12. HP: 68/91 MP: 15/21
 15709 | Lair:1   | HP: 3/91 [wolf (2)]
 15788 | Lair:1   | Reached skill level 11 in Necromancy
 16240 | Lair:1   | HP: 2/91 [nine-headed hydra (5)]
 16249 | Lair:1   | HP: 3/91 [nine-headed hydra (8)]
 16249 | Lair:1   | Slain by a nine-headed hydra

Illustrated notes

Levels and vault maps discovered:
D:1:      psy_arrival_basics, layout_basic, minmay_misc_feat_more_columns,
          minmay_strange_pillars, nrook_loot_triangle
D:2:      layout_basic, serial_bayou_pond_e
D:3:      layout_basic, uniq_terence
D:4:      layout_basic, nicolae_dithmenos_shadow_blocks, uniq_edmund
D:5:      layout_rooms, minmay_temple_entry_enclosed_plants,
          lightli_ossuary_entry_decrepit_ruins, hex_large,
          nicolae_stop_n_shop_1, kennysheep_generic_room_13
D:6:      layout_cave_pools, nicolae_uskayaw_dance_hall, lightli_corner_chamber,
          uniq_blork_the_orc
D:7:      layout_basic, mainiacjoe_overflow_alcove_2
D:8:      gammafunk_boulding_lane, layout_cave_pools, good_gods_mini_temple,
          minitemple, serial_column_ruins, column_ruins_grid_2,
          column_ruins_grid_1, column_ruins_corridor_straight,
          column_ruins_columns_corner, column_ruins_columns_straight,
          column_ruins_grid_3, grunt_ministairs_8
D:9:      layout_gridville, mainiacjoe_overflow_tiny_flanked
D:10:     kennysheep_big_flooded_room, layout_irregular_city,
          erik_lair_orcish_takeover, minmay_evil_grid, uniq_urug
Lair:1:   layout_chaotic_city, serial_bayou_crossing

Skill      XL: |  1  2  3  4  5  6  7  8  9 10 11 12 |
---------------+-------------------------------------+-----
Fighting       | 1 2 3 4 5 6 7 |  7.0
Necromancy     | 5 6 7 9 10 11 | 11.0
Dodging        | 2 3 4 5 6 7 |  7.0
Stealth        | 2 3 4 5 |  5.4
Conjurations   | 1 2 3 4 5 6 |  6.4
Invocations    | 1 2 3 4 5 7 8 |  8.3
Spellcasting   | 3 4 5 6 |  6.7
Short Blades   | 1 2 3 |  3.5
Poison Magic   | 2 3 4 |  4.6
Air Magic      | 2 3 4 |  4.5
Long Blades    | 1 |  1.1
Evocations     | |  0.8

Action                   |  1- 3 |  4- 6 |  7- 9 | 10-12 || total
-------------------------+-------+-------+-------+-------++-------
Melee: Dagger            |    12 |    58 |   161 |   128 ||   359
       Headbutt          |     1 |    11 |    45 |    52 ||   109
       Punch             |     1 |       |       |     1 ||     2
       Scimitar          |       |       |    37 |    42 ||    79
       Trident           |       |       |     7 |       ||     7
       Long sword        |       |       |     6 |     2 ||     8
       Demon trident     |       |       |       |     1 ||     1
 Cast: Pain              |    40 |    17 |    26 |    26 ||   109
       Searing Ray       |     6 |    16 |    49 |    22 ||    93
       Animate Skeleton  |     2 |     2 |     2 |       ||     6
       Vampiric Draining |       |       |     2 |    26 ||    28
       Animate Dead      |       |       |     6 |    12 ||    18
       Poisonous Vapours |       |       |    17 |    21 ||    38
       Agony             |       |       |       |    11 ||    11
Evoke: Wand              |       |       |       |     2 ||     2
  Use: Potion            |       |       |     3 |       ||     3
       Scroll            |       |       |       |     2 ||     2
 Stab: Sleeping          |     4 |     7 |    10 |    11 ||    32
       Distracted        |       |     1 |     1 |       ||     2
Armor: Robe              |     4 |    31 |   116 |   101 ||   252
Dodge: Dodged            |    12 |    44 |   288 |   278 ||   622
